 Dungeon Crawl Stone Soup version 0.18.1-5-g4a78601 (webtiles) character file.

12949164 lightmor the Archmage (level 27, 160/160 (199) HPs)
             Began as a Deep Elf Fire Elementalist on May 13, 2016.
             Was the Champion of Vehumet.
             Escaped with the Orb
             ... and 15 runes on May 14, 2016!
             The game lasted 14:15:59 (125740 turns).

lightmor the Archmage (DEFE)                      Turns: 125740, Time: 14:16:00

HP:   160/160 (199) AC: 17    Str:  9    XL:     27
MP:   77/83         EV: 28    Int: 46    God:    Vehumet [******]
Gold: 11701         SH:  8    Dex: 13    Spells: 14 memorised, 6 levels left

rFire  + + +     SeeInvis +     W - +7 mace "Muuklu Ureda" {crush, rPois MP+9 Int+3 Dex-2}
rCold  + + +     Gourm    .     V - +2 robe of vines {NoDeviceHeal Regen+7}
rNeg   + + +     Faith    .     Q - +0 buckler of Ciloloah {rPois MP+9}
rPois  ∞         Spirit   .     (no helmet)
rElec  .         Dismiss  .     g - +0 cloak of Valour {*Contam rC+ MR++}
rCorr  .         Reflect  .     w - +0 pair of gloves of Cheibriados's Approval {Str+2}
SustAt +         Harm     .     G - +1 pair of boots of Modesty {*Drain rPois rF+++ SInv}
MR     ++++.                    T - amulet of magic regeneration
Stlth  +++.......               F - ring of Vufad {SustAt rF+ MR- Str+2 Int+6}
                                q - ring of the Princeling {rC+ MP+9 Int+3}

@: lich-form (expiring), deflect missiles, incredibly resistant to hostile
enchantments, fairly stealthy
A: no striking features
a: End Transformation, Renounce Religion
0: Orb of Zot
}: 15/15 runes: decaying, slimy, silver, golden, iron, obsidian, icy, bone,
abyssal, demonic, glowing, magical, fiery, dark, gossamer


You escaped.
You worshipped Vehumet.
Vehumet was exalted by your worship.
You were not hungry.
You were a lich.
You visited 18 branches of the dungeon, and saw 93 of its levels.
You visited Pandemonium 1 time, and saw 16 of its levels.
You visited the Abyss 2 times.
You visited 2 ziggurats (completing 1), and saw 46 of their levels.
You also visited: Labyrinth, Trove and Ice Cave.

You collected 15382 gold pieces.
You spent 3681 gold pieces at shops.

Inventory:

Hand Weapons
 W - the +7 mace "Muuklu Ureda" (weapon) {crush, rPois MP+9 Int+3 Dex-2}
   (You found it on level 6 of the Pits of Slime)

   It inflicts extra damage upon your enemies.
   It affects your intelligence (+3).
   It affects your dexterity (-2).
   It protects you from poison.
   It affects your magic capacity (+9).
Armour
 g - the +0 cloak of Valour (worn) {*Contam rC+ MR++}
   (You found it on level 6 of the Pits of Slime)

   It protects you from cold.
   It affects your resistance to hostile enchantments.
   It causes magical contamination when unequipped.
 w - the +0 pair of gloves of Cheibriados's Approval (worn) {Str+2}
   (You bought it in a shop on level 3 of the Vaults)

   It affects your strength (+2).
 G - the +1 pair of boots of Modesty (worn) {*Drain rPois rF+++ SInv}
   (You acquired it on level 22 of a ziggurat)

   It renders you almost immune to fire.
   It protects you from poison.
   It lets you see invisible.
   It causes draining when unequipped.
 I - a +2 helmet of intelligence
 Q - the +0 buckler of Ciloloah (worn) {rPois MP+9}
   (You bought it in a shop on level 3 of the Vaults)

   It protects you from poison.
   It affects your magic capacity (+9).
 V - the +2 robe of vines (worn) {NoDeviceHeal Regen+7}
   (You found it on level 22 of a ziggurat)

   It increases your rate of regeneration.
Jewellery
 j - the ring of Daffodils {Wiz Int+6 Stlth+}
   (You bought it in a shop on level 2 of the Orcish Mines)

   [ring of wizardry]

   It improves your spell success rate.
   It affects your intelligence (+6).
   It makes you more stealthy.
 q - the ring of the Princeling (left hand) {rC+ MP+9 Int+3}
   (You found it on level 7 of a ziggurat)

   [ring of magical power]

   It affects your intelligence (+3).
   It protects you from cold.
   It affects your magic capacity (+9).
 F - the ring of Vufad (right hand) {SustAt rF+ MR- Str+2 Int+6}
   (You found it on level 25 of a ziggurat)

   [ring of sustain attributes]

   It sustains your strength, intelligence and dexterity.
   It affects your strength (+2).
   It affects your intelligence (+6).
   It protects you from fire.
   It affects your resistance to hostile enchantments.
 T - an amulet of magic regeneration (around neck)
Wands
 i - a wand of heal wounds (6/9)
 o - a wand of digging (24/24)
 y - a wand of teleportation (9/9)
 z - a wand of digging (5/24)
Scrolls
 d - 5 scrolls of summoning
 n - 5 scrolls of recharging
 r - 6 scrolls of silence
 t - 47 scrolls of teleportation
 B - 16 scrolls of blinking
 K - 55 scrolls of remove curse
 O - 8 scrolls of enchant armour
 P - 27 scrolls of fog
 R - a scroll of identify
 U - 8 scrolls of fear
Potions
 a - 12 potions of ambrosia
 b - 3 potions of resistance
 p - 4 potions of cancellation
 u - 11 potions of heal wounds
 C - 10 potions of flight
 D - 6 potions of magic
 H - 37 potions of curing
 L - 9 potions of lignification
 M - 17 potions of cure mutation
 N - 12 potions of brilliance
 X - 7 potions of haste
Books
 l - a book of the Tempests

   Spells                             Type                      Level
   a - Static Discharge               Conjuration/Air              3
   b - Lightning Bolt                 Conjuration/Air              5
   c - Fireball                       Conjuration/Fire             5
   d - Tornado                        Air                          9
   e - Shatter                        Earth                        9
 s - the Volume of Conjuration
   (You found it in Pandemonium)

   Spells                             Type                      Level
   a - Flame Tongue                   Conjuration/Fire             1
   b - Throw Flame                    Conjuration/Fire             2
   c - Throw Frost                    Conjuration/Ice              2
   d - Dazzling Spray                 Conjuration/Hexes            3
   e - Bolt of Cold                   Conjuration/Ice              6
   f - Iron Shot                      Conjuration/Earth            6
Miscellaneous
 e - a legendary deck of defence {the Blade}
 f - the horn of Geryon
 k - a figurine of a ziggurat
Comestibles
 c - 30 bread rations
 m - 5 meat rations
 v - 48 fruits


   Skills:
 O Level 27 Fighting
 - Level 11.0 Maces & Flails
 - Level 17.4 Armour
 O Level 27 Dodging
 O Level 27 Stealth
 - Level 15.8 Shields
 O Level 27 Spellcasting
 O Level 27 Conjurations
 - Level 18.1 Charms
 + Level 25.1 Necromancy
 - Level 17.0 Translocations
 - Level 18.7 Transmutations
 O Level 27 Fire Magic
 - Level 18.8 Ice Magic
 - Level 2.0 Earth Magic


You had 6 spell levels left.
You knew the following spells:

 Your Spells              Type           Power        Failure   Level  Hunger
c - Malign Gateway        Summ/Tloc      #######...   8%          7    N/A
d - Deflect Missiles      Chrm/Air       #######...   1%          6    N/A
f - Glaciate              Conj/Ice       ########..   1%          9    N/A
g - Shock                 Conj/Air       ####         0%          1    N/A
h - Bolt of Magma         Conj/Fire/Erth ########..   0%          5    N/A
j - Apportation           Tloc           ########..   0%          1    N/A
k - Swiftness             Chrm/Air       #######.     0%          2    N/A
l - Blink                 Tloc           N/A          0%          2    N/A
m - Fire Storm            Conj/Fire      ########..   1%          9    N/A
n - Controlled Blink      Tloc           N/A          1%          8    N/A
o - Necromutation         Trmt/Necr      #########.   1%          8    N/A
p - Ring of Flames        Chrm/Fire      ########..   1%          7    N/A
q - Regeneration          Chrm/Necr      #########.   0%          3    N/A
r - Haste                 Chrm           ########     1%          6    N/A

Dungeon Overview and Level Annotations

Branches:
Dungeon (15/15)            Temple (1/1) D:6            Lair (8/8) D:8
  Swamp (4/4) Lair:6       Spider (4/4) Lair:6        Slime (6/6) Lair:8
    Orc (2/2) D:12            Elf (3/3) Orc:2        Vaults (5/5) D:13
  Crypt (3/3) Vaults:3       Tomb (3/3) Crypt:3      Depths (5/5) D:15
   Hell (1/1)                 Dis (7/7) Hell            Geh (7/7) Hell
    Coc (7/7) Hell            Tar (7/7) Hell            Zot (5/5) Depths:5

Altars:
Ashenzari
Dithmenos
Elyvilon
Fedhas
Kikubaaqudgha
Qazlal
Ru
Sif Muna
Trog
Vehumet
Xom
Zin
Beogh
Jiyva

Shops:
Orc:2 ![*=   Elf:1 :   Vaults:3 [([:[

Portals:
Hell: Depths:1 Depths:2 Depths:3 Depths:4 Depths:5
Abyss: Depths:1 Depths:3 Depths:4
Pandemonium: Depths:3

Annotations:
D:6 oplop's ghost, novice MfGl
D:10 IjonTichy1's ghost, journeyman OpAr
Dis:7 Dispater
Coc:7 Antaeus
Tar:7 Ereshkigal


Message History

Vehumet accepts your kill.
You feel your power returning.
The great blast of fire engulfs the ufetubus.
The ufetubus is burned terribly!
You kill the ufetubus!
The great blast of fire engulfs the plant.
You destroy the plant!
The great blast of fire engulfs the bush.
The bush is burned terribly!
You destroy the bush!
The great blast of fire engulfs the ynoxinul.
You kill the ynoxinul!
Vehumet accepts your kill.
You feel your power returning.
The great blast of fire engulfs the bush.
The bush is burned terribly!
The bush is almost destroyed.
The bush is engulfed in roaring flames.
You destroy the bush!
You have escaped!

....8##.#
....###.#### #...#
#....##
#...###.##..#
8...8##.###+##
#...###5#§♣v§♣♣♣♣#
.......5'§§§§§P♣P#
....###.#♣♣§§§...#
....8##.# ♣P♣§P.L#
....##..# ########
##8####.# ### #.#
#.# ###


You could see a friendly fire vortex.

Vanquished Creatures
  Asmodeus (Geh:7)
  Dissolution (Slime:5)
  the Royal Jelly (Slime:6)
  the Serpent of Hell (Dis:7)
  A seraph (Pan)
  The ghost of Medar the Archmage, a legendary DEAM of Vehumet (Zig:27)
  11 ancient liches
  Mennas (Crypt:1)
  3 orbs of fire
  Mara (Spider:4)
  14 juggernauts
  56 greater mummies
  Boris (twice) (Depths:4 Crypt:1)
  18 Killer Klowns
  Frederick (Vaults:4)
  Geryon (Hell)
  2 curse toes
  17 shard shrikes
  6 caustic shrikes
  Norris (Spider:4)
  14 golden dragons
  14 bone dragons
  the Enchantress (Depths:2)
  4 profane servitors
  23 Tzitzimimeh
  11 pearl dragons (Zig:24)
  16 iron giants
  Arachne (Spider:2)
  14 doom hounds
  3 electric golems (Zot:5)
  10 liches
  15 Brimstone Fiends
  2 hellephants
  7 pandemonium lords
  8 Hell Sentinels
  17 Ice Fiends
  25 tentacled monstrosities
  14 titans
  25 Orb Guardians
  A shard shrike skeleton (Crypt:1)
  3 deep elf blademasters
  Asterion (Depths:2)
  An eldritch tentacle (Tar:7)
  3 quicksilver dragons
  6 tentacled starspawn
  34 acid blobs
  Murray (Hell)
  8 ancient champions
  9 sphinxes
  4 death cobs
  16 storm dragons
  16 Executioners
  2 shadow dragons (shapeshifter) (Zig:19)
  Roxanne (Spider:3)
  6 thorn hunters
  Agnes (D:14)
  25 shadow dragons
  10 revenants
  5 tengu reavers
  5 greater nagas (Zig:23)
  3 daevas (Zig:24)
  2 fire giants (shapeshifter)
  Wiglaf (Vaults:1)
  6 draconian monks
  15 azure jellies
  24 fire giants
  7 deep elf sorcerers
  13 draconian knights
  19 ghost moths
  4 caustic shrike zombies
  16 frost giants
  30 balrugs
  Louise (Spider:2)
  10 iron dragons
  3 curse skulls
  4 draconian scorchers
  7 orc warlords
  6 cacodemons (Pan)
  9 draconian zealots
  9 emperor scorpions
  2 juggernaut zombies
  12 vault wardens
  6 chaos champions
  8 deep elf elementalists
  24 angels
  15 ghouls
  9 draconian annihilators
  33 stone giants
  12 draconian shifters
  17 very ugly things
  3 spriggan defenders (Depths:2)
  4 caustic shrike skeletons
  3 elemental wellsprings (Coc:7)
  14 ophanim
  51 reapers
  19 ironheart preservers
  9 draconian callers
  16 war gargoyles
  8 juggernaut skeletons
  2 blood saints (Pan)
  5 deep elf demonologists
  An apis (shapeshifter) (Zig:13)
  4 corrupters
  5 lorocyprocas
  18 apis
  21 bennus
  5 salamander stormcallers
  14 vampire knights
  9 black draconians
  10 green draconians
  Azrael (Spider:3)
  A black sun (Pan)
  10 purple draconians
  9 red draconians
  7 yellow draconians
  12 deep elf annihilators
  2 eidola
  16 mottled draconians
  2 dire elephants (shapeshifter)
  21 blizzard demons
  4 white draconians
  5 spark wasps
  A fire dragon (shapeshifter) (Depths:3)
  21 ettins
  2 crystal guardians
  51 mummy priests
  8 deep elf death magi
  5 green deaths
  2 merfolk impalers
  6 merfolk javelineers
  8 fire dragons
  17 great orbs of eyes
  7 death oozes
  A minotaur (Lab)
  5 deep elf high priests
  37 vault guards
  2 quicksilver dragon zombies
  11 yaktaur captains
  2 kraken zombies (Coc:2)
  7 spriggan air magi
  2 quicksilver dragon skeletons
  8 rakshasas
  13 jiangshi
  Fannar (D:9)
  33 ice dragons
  A naga warrior (Zig:2)
  12 entropy weavers
  A hell beast (Dis:5)
  4 monstrous demonspawn (Pan)
  41 hydras
  8 catoblepae
  A merfolk avatar (Zig:11)
  2 anacondas (shapeshifter)
  A hydra (shapeshifter) (Depths:3)
  Erica (D:8)
  An anaconda (Lair:7)
  4 merfolk aquamancers
  8 centaur warriors
  2 ghost crabs
  7 death knights
  A satyr (shapeshifter) (Depths:3)
  An alligator snapping turtle (shapeshifter) (Zig:13)
  17 ogre magi
  31 dancing weapons
  3 alligator snapping turtles
  9 deep troll shamans
  2 hell hogs (shapeshifter)
  3 tengu warriors
  17 alligators
  16 deep troll earth magi
  5 vampire magi
  28 death yaks
  17 hell hogs
  3 iron giant zombies (Zig:26)
  9 spriggan berserkers
  6 thrashing horrors
  11 orc high priests
  10 titan zombies
  23 deep elf knights
  Nergalle (D:11)
  3 iron golems
  Sonja (Orc:2)
  9 titan skeletons
  6 storm dragon zombies
  4 iron giant skeletons
  41 hell knights
  32 sun demons
  5 iron trolls
  29 soul eaters
  17 spriggans
  10 wretched stars
  2 fire crabs
  11 golden dragon zombies
  23 shadow wraiths
  9 storm dragon skeletons
  4 salamander mystics
  12 small abominations
  7 wizards
  23 swamp dragons
  An infernal demonspawn (Pan)
  A ghost moth zombie (Coc:7)
  A spatial maelstrom (Abyss:1)
  19 cherubim
  29 shadow demons
  36 large abominations
  A sea snake (shapeshifter) (Zig:10)
  A swamp dragon (shapeshifter) (Zig:8)
  2 spark wasp zombies (Depths:4)
  6 anaconda zombies
  155 skeletal warriors
  2 death drakes (Zig:18)
  36 death scarabs
  7 spriggan druids
  4 sea snakes
  An obsidian statue (Depths:1)
  A deep troll (shapeshifter) (Elf:3)
  An unseen horror (Vaults:1)
  7 giant orange brains
  14 flayed ghosts
  A hill giant (shapeshifter) (Vaults:5)
  17 ironbrand convokers
  27 anubis guards
  8 golden dragon skeletons
  20 deep elf archers
  A lindwurm (shapeshifter) (Depths:1)
  21 hill giants
  A kraken simulacrum (Hell)
  2 anubis guards (shapeshifter)
  38 deep trolls
  8 shambling mangroves
  12 harpies
  3 putrid demonspawn (Pan)
  7 tengu zombies
  Pikel (D:6)
  4 anaconda skeletons
  19 phantasmal warriors
  7 shadow dragon zombies
  32 orb spiders
  17 necromancers
  4 lindwurms (Lair:6)
  4 iron dragon zombies
  A sphinx zombie (Zig:22)
  A mana viper (shapeshifter) (Vaults:1)
  9 salamanders
  9 cyclopes
  18 orc knights
  5 shadow dragon skeletons
  12 shining eyes
  6 stone giant zombies
  48 ugly things
  64 deep elf magi
  19 hornets
  4 griffons
  17 oklob plants
  4 manticores
  7 frost giant zombies
  A faun (Zig:11)
  6 tengu skeletons
  37 wolf spiders
  2 worldbinders
  10 fire giant zombies
  2 sphinx skeletons
  9 orc sorcerers
  4 human skeletons
  2 sirens (Zig:11)
  2 ice statues
  4 guardian serpents
  A shock serpent zombie (Tar:5)
  5 apocalypse crabs
  4 iron dragon skeletons
  An elephant (shapeshifter) (Zig:10)
  A black mamba (shapeshifter) (D:13)
  2 dire elephant zombies
  4 sixfirhies
  4 stone giant skeletons
  22 moths of wrath
  3 molten gargoyles (Geh:7)
  19 fire giant skeletons
  13 orange demons
  34 rust devils
  11 elephants
  4 water nymphs (Zig:11)
  2 frost giant skeletons
  8 torpor snails
  An octopode (shapeshifter) (Zig:17)
  Maurice (D:8)
  3 eyes of devastation
  19 black mambas
  10 gargoyles
  5 naga magi
  8 smoke demons
  A dire elephant skeleton (Tar:7)
  18 vault sentinels
  2 spriggan skeletons
  26 spiny frogs
  3 kobold demonologists
  42 freezing wraiths
  A komodo dragon (shapeshifter) (Vaults:4)
  31 hellions
  9 human zombies
  9 rime drakes
  44 tormentors
  6 efreet
  22 demonic crawlers
  8 ancient zymes
  2 yaktaur zombies
  An anaconda simulacrum (Coc:3)
  36 ice devils
  A silent spectre (Tar:1)
  7 elf skeletons
  A golden dragon simulacrum (Zig:25)
  54 yaktaurs
  A ghost moth simulacrum (Tar:4)
  6 hellwings (Pan)
  83 guardian mummies
  A black draconian skeleton (Crypt:2)
  9 komodo dragons
  13 merfolk
  12 trolls
  29 red devils
  A tengu conjurer (Depths:5)
  48 jumping spiders
  2 trolls (shapeshifter)
  6 catoblepas skeletons (Abyss:3)
  A minotaur zombie (Geh:4)
  A pale draconian skeleton (Crypt:2)
  8 hydra zombies
  12 giant leeches
  4 harpy zombies
  14 polar bears
  A wind drake (shapeshifter) (Depths:3)
  A shadow dragon simulacrum (Zig:15)
  A wind drake (Zig:11)
  17 bog bodies
  6 ettin zombies
  A slime creature (shapeshifter) (Depths:3)
  A sphinx simulacrum (Vaults:3)
  34 two-headed ogres
  Prince Ribbit (D:5)
  6 hydra skeletons
  12 raiju
  15 boulder beetles
  A death drake zombie (Crypt:2)
  37 blink frogs
  181 slime creatures
  2 raiju (shapeshifter)
  43 ushabtiu
  A harpy skeleton (Crypt:3)
  4 ice dragon zombies
  A deep troll zombie (Hell)
  4 alligator zombies
  5 spriggan zombies
  A stone giant simulacrum (Vaults:5)
  11 air elementals
  169 flying skulls
  6 fire dragon zombies
  A vampire (D:15)
  An alligator skeleton (Hell)
  2 black mamba zombies
  A guardian serpent skeleton (Crypt:2)
  16 starcursed masses
  11 water elementals
  A spriggan (shapeshifter) (Vaults:5)
  6 ynoxinuls
  29 shadows
  3 ettin skeletons
  129 redbacks
  A redback (shapeshifter) (Vaults:4)
  2 fire bats
  38 tarantellas
  87 yaks
  3 tarantellas (shapeshifter)
  3 wyverns
  11 fire dragon skeletons
  A centaur simulacrum (D:15)
  A spriggan simulacrum (Zig:15)
  34 wraiths
  13 elf zombies
  2 black mamba skeletons
  13 chaos spawn
  16 fire elementals
  A hippogriff (shapeshifter) (Depths:3)
  14 golden eyes
  A golden eye (shapeshifter) (Zig:13)
  7 basilisks
  4 hogs (Spider:3)
  11 neqoxecs
  4 ice dragon skeletons
  A steam dragon (Zig:4)
  46 vampire mosquitoes
  15 hippogriffs
  16 hungry ghosts
  2 wargs
  Grum (D:9)
  3 swamp worms (shapeshifter)
  Menkaure (D:5)
  3 human simulacra
  4 mottled dragons
  8 spatial vortices
  16 swamp worms
  6 insubstantial wisps
  7 spiny frog zombies
  38 water moccasins
  61 hell hounds
  9 porcupines
  2 merfolk skeletons
  2 giant eyeballs (Pan)
  A giant eyeball (shapeshifter) (Vaults:5)
  2 soldier ants
  6 ice beasts
  15 swamp drakes
  2 hydra simulacra
  A manticore zombie (Dis:7)
  4 snapping turtle zombies
  5 spiny frog skeletons
  33 wasps
  A sky beast (D:12)
  72 ogres
  A swamp dragon zombie (Coc:7)
  4 slaves (D:6)
  85 orc warriors
  2 black bears
  4 phantoms
  3 elf simulacra
  16 eyes of draining
  23 necrophages
  31 wolves
  A swamp dragon skeleton (Pan)
  3 snapping turtle skeletons
  2 manticore skeletons
  21 centaurs
  A wolf (shapeshifter) (Depths:2)
  7 big kobolds
  21 crocodiles
  19 giant frogs
  A salamander skeleton (Crypt:1)
  A deep troll simulacrum (Vaults:3)
  6 earth elementals
  A glowing shapeshifter simulacrum (Zig:17)
  A hell hound zombie (Crypt:2)
  A wyvern skeleton (D:14)
  A scorpion (shapeshifter) (Vaults:5)
  A shapeshifter zombie (Crypt:1)
  4 scorpions
  An elephant simulacrum (Depths:3)
  6 killer bees (D:9)
  A troll skeleton (Crypt:1)
  75 wights
  4 electric eels
  4 howler monkeys
  64 jellies
  9 centaur zombies
  19 crimson imps
  A giant frog zombie (D:10)
  A quasit (D:13)
  3 hounds
  21 iron imps
  A wyvern simulacrum (D:14)
  A giant frog skeleton (D:5)
  39 orc priests
  2 centaur skeletons
  39 orc wizards
  8 iguanas
  Terence (D:2)
  13 worker ants
  A lightning spire (Zig:11)
  A killer bee zombie (Crypt:1)
  30 sheep
  A naga zombie (Crypt:2)
  An ogre zombie (Tar:3)
  2 naga skeletons
  A hound zombie (D:8)
  2 hound skeletons
  126 mummies
  2 worker ant zombies
  A howler monkey skeleton (D:5)
  47 river rats
  22 adders
  11 gnolls
  20 shadow imps
  27 white imps
  3 ufetubi
  19 oozes
  2 adder skeletons (D:8)
  An adder zombie (D:6)
  5 worms
  3 dart slugs
  5 giant geckos
  158 orcs
  A ball python (D:5)
  12 giant cockroaches
  5 goblins
  4 hobgoblins
  14 jackals
  8 quokkas
  6 bats
  5 giant newts
  39 kobolds
  A kobold skeleton (Crypt:3)
  An orc zombie (Tar:7)
  7 rats
  49 blocks of ice
  12 briar patches
  36 bushes
  3 crawling corpses (Vaults:5)
  An eldritch tentacle segment (Tar:7)
  377 fire vortices
  45 fungi
  10 lost souls
  67 plants
  7 starspawn tentacles
  3 starspawn tentacle segments
  3 tentacles (Coc:2)
  A tentacle segment (Coc:2)
  11 withered plants (Crypt:3)
6812 creatures vanquished.

Vanquished Creatures (collateral kills)
  A juggernaut (Depths:5)
  8 greater mummies
  2 golden dragons
  2 Tzitzimimeh
  A pearl dragon (Zig:24)
  An iron giant (Zig:27)
  A doom hound (Tar:7)
  A hellephant (Zig:12)
  A tentacled monstrosity (Zot:1)
  A lich (Depths:4)
  6 acid blobs
  2 deep elf master archers (Elf:3)
  2 shadow dragons
  3 azure jellies
  A greater naga (Zig:23)
  2 storm dragons
  A draconian monk (Zot:1)
  A draconian scorcher (Zig:6)
  A cacodemon (Pan)
  2 fire giants
  2 frost giants
  An orc warlord (Zig:19)
  A draconian knight (Zot:2)
  2 juggernaut zombies
  A vault warden (Vaults:5)
  An emperor scorpion (Zig:23)
  An ironheart preserver (Vaults:4)
  A draconian shifter (Zig:6)
  3 reapers
  A ghoul (Crypt:3)
  A very ugly thing (Zig:19)
  2 stone giants
  A draconian annihilator (Zig:18)
  2 caustic shrike skeletons
  A war gargoyle (Hell)
  A juggernaut skeleton (Depths:4)
  A vampire knight (Tar:7)
  An ophan (Pan)
  A green draconian (Zot:1)
  2 black draconians
  A purple draconian (Depths:5)
  A black sun (Zig:14)
  A yellow draconian (Zot:4)
  2 white draconians
  A vault guard (Vaults:2)
  2 yaktaur captains
  A kraken zombie (Coc:7)
  A fire dragon (Zot:3)
  A quicksilver dragon skeleton (Zig:22)
  A spriggan air mage (Depths:5)
  A vampire mage (Crypt:1)
  A storm dragon zombie (Zig:20)
  A titan skeleton (Zig:26)
  3 soul eaters
  A wretched star (Abyss:2)
  A shadow wraith (Pan)
  3 skeletal warriors
  3 death scarabs
  A deep troll (Depths:1)
  A golden dragon skeleton (Zig:26)
  A wolf spider zombie (Crypt:1)
  A necromancer (Depths:5)
  An anubis guard (Zig:21)
  A harpy (shapeshifter) (Vaults:3)
  2 shadow dragon skeletons
  A stone giant zombie (Coc:2)
  An orc sorcerer (Vaults:4)
  A shining eye (Pan)
  A deep elf mage (Vaults:2)
  An iron dragon skeleton (Zig:26)
  A sixfirhy (Pan)
  A moth of wrath (Zot:5)
  A dire elephant zombie (Tar:5)
  2 fire giant skeletons (Crypt:3)
  A spriggan zombie (Zig:26)
  A torpor snail (Zig:17)
  4 yaktaurs
  A tormentor (Tar:7)
  2 guardian mummies
  A catoblepas skeleton (Tomb:1)
  A freezing wraith (Coc:7)
  2 jumping spiders
  5 slime creatures
  2 two-headed ogres
  An ushabti (Tomb:3)
  An ice dragon zombie (Tar:7)
  An ice dragon skeleton (Tar:6)
  2 flying skulls
  A redback (Spider:2)
  A tarantella (Zig:17)
  2 wraiths
  3 large abominations
  3 golden eyes
  A hungry ghost (Tar:7)
  A vampire mosquito (Vaults:2)
  A hydra simulacrum (Hell)
  A giant eyeball (Pan)
  A human skeleton (Depths:4)
  2 ice beasts
  12 ogres
  An orc warrior (Vaults:4)
  3 necrophages
  An eye of draining (Slime:1)
  A centaur (Depths:1)
  3 small abominations
  9 jellies
  An orc wizard (Zig:19)
  46 mummies
  2 shadow imps
  2 white imps
  An ufetubus (Abyss:1)
  4 orcs
  A rat zombie (Crypt:2)
  A block of ice (Zig:25)
  3 bushes (Zot:1)
  A crawling corpse (Vaults:5)
245 creatures vanquished.

Vanquished Creatures (others)
  An iron giant (Zig:13)
  8 eldritch tentacles
  An ancient champion (Tomb:2)
  Kirke (Spider:3)
  A draconian annihilator (Pan)
  A bennu (Tomb:3)
  2 deep elf annihilators (Pan)
  A lorocyproca (Hell)
  A green death (Pan)
  2 blizzard demons (Pan)
  A fire dragon (Zot:5)
  A rakshasa (Pan)
  3 spriggan air magi (Pan)
  28 death scarabs (Tomb:2)
  A phantasmal warrior (Dis:7)
  A moth of wrath (Zot:5)
  A deep elf mage (Depths:3)
  A yaktaur (Depths:1)
  A red devil (Pan)
  2 polar bears (IceCv)
  An ushabti (Zig:21)
  A shadow (Coc:2)
  A tarantella (Spider:3)
  A yak (IceCv)
  2 small abominations (Abyss:3)
  A merfolk skeleton (Geh:7)
  A manticore zombie (Tomb:2)
  2 wolves (IceCv)
  2 swamp dragon skeletons
  A crocodile (Zig:12)
  A centaur (Depths:1)
  A crimson imp (Zot:5)
  A quasit (Abyss:1)
  A killer bee zombie (D:8)
  2 mummies
  An ufetubus (Abyss:3)
  3 ball lightnings
  322 blocks of ice
  647 eldritch tentacle segments
  2750 fire vortices
  44 fungi
  10 lost souls
  13 plants
  22 starspawn tentacles
  92 starspawn tentacle segments
  21 tentacles
  228 tentacle segments
  3 withered plants (Crypt:3)
4234 creatures vanquished.

Grand Total: 11291 creatures vanquished

Notes
Turn   | Place    | Note
--------------------------------------------------------------
     0 | D:1      | lightmor the Deep Elf Fire Elementalist began the quest for the Orb.
     0 | D:1      | Reached XP level 1. HP: 10/10 MP: 6/6
   270 | D:1      | Reached XP level 2. HP: 15/15 MP: 3/8
   282 | D:1      | Learned a level 2 spell: Throw Flame
   905 | D:2      | Noticed a fire elemental
   907 | D:2      | Found a stormy altar of Qazlal.
   908 | D:2      | Noticed a water elemental
   908 | D:2      | Noticed an earth elemental
   908 | D:2      | Noticed an air elemental
   923 | D:2      | Reached XP level 3. HP: 19/19 MP: 4/10
  1095 | D:2      | Noticed Terence
  1101 | D:2      | Learned a level 3 spell: Conjure Flame
  1109 | D:2      | Killed Terence
  1268 | D:2      | Reached XP level 4. HP: 24/24 MP: 10/12
  1297 | D:2      | Found a sacrificial altar of Ru.
  1446 | D:2      | Found a bloodstained altar of Trog.
  1486 | D:2      | Learned a level 3 spell: Inner Flame
  1780 | D:3      | Reached skill level 1 in Shields
  1780 | D:3      | Reached skill level 5 in Spellcasting
  1780 | D:3      | Reached XP level 5. HP: 28/28 MP: 5/14
  2104 | D:2      | Learned a level 4 spell: Sticky Flame
  2386 | D:3      | Reached XP level 6. HP: 29/32 MP: 7/16
  3062 | D:3      | Found a white marble altar of Elyvilon.
  3063 | D:3      | Found a shadowy altar of Dithmenos.
  3795 | D:4      | Reached XP level 7. HP: 36/36 MP: 4/18
  3929 | D:4      | Learned a level 5 spell: Fireball
  3944 | D:4      | Reached skill level 5 in Conjurations
  4322 | D:4      | Got a pair of jewelled boots
  4329 | D:4      | Identified the cursed +0 pair of boots "Ehuphem" {Stlth+} (You found it on level 4 of the Dungeon)
  4949 | D:4      | Gained mutation: You passively map a small area around you. [potion of beneficial mutation]
  4951 | D:5      | Entered Level 5 of the Dungeon
  4965 | D:5      | Found a blossoming altar of Fedhas.
  5296 | D:5      | Noticed Prince Ribbit
  5632 | D:5      | Killed Prince Ribbit
  5632 | D:5      | Reached XP level 8. HP: 28/42 MP: 9/21
  5878 | D:5      | Noticed Menkaure
  5889 | D:5      | Killed Menkaure
  5889 | D:5      | Reached skill level 1 in Fighting
  6721 | D:6      | Noticed a two-headed ogre
  6730 | D:6      | Killed a two-headed ogre
  6730 | D:6      | Reached skill level 5 in Fire Magic
  6755 | D:5      | Reached XP level 9. HP: 49/49 MP: 1/23
  6932 | D:6      | Found a white marble altar of Elyvilon.
  7251 | D:6      | Found a staircase to the Ecumenical Temple.
  7260 | Temple   | Entered the Ecumenical Temple
  7276 | Temple   | Became a worshipper of Vehumet
  7441 | D:6      | Noticed oplop's ghost (novice MfGl)
  7502 | D:6      | Reached skill level 5 in Dodging
  7515 | D:7      | Noticed a green ugly thing
  8180 | D:6      | Noticed Pikel
  8220 | D:6      | Killed Pikel
  8883 | D:7      | Reached * piety under Vehumet
  8883 | D:7      | Offered knowledge of Shock by Vehumet.
  8886 | D:7      | Learned a level 1 spell: Shock
  9300 | D:7      | Killed a green ugly thing
  9300 | D:7      | Reached skill level 10 in Spellcasting
  9300 | D:7      | Reached XP level 10. HP: 56/56 MP: 7/26
  9896 | D:8      | Found a glowing silver altar of Zin.
  9896 | D:8      | Found a shimmering altar of Xom.
  9896 | D:8      | Noticed an angel
  9919 | D:8      | Found a radiant altar of Vehumet.
 10102 | D:8      | Found a staircase to the Lair.
 10363 | D:8      | Noticed Erica
 10531 | D:8      | Reached ** piety under Vehumet
 10531 | D:8      | Offered knowledge of Sandblast by Vehumet.
 10714 | D:8      | Noticed Maurice
 10723 | D:8      | Killed Maurice
 10918 | D:8      | Killed Erica
 11772 | D:8      | Learned a level 5 spell: Bolt of Magma
 11828 | D:9      | Offered knowledge of Throw Frost by Vehumet.
 11880 | D:9      | Reached skill level 5 in Fighting
 12111 | D:9      | Noticed Grum
 12112 | D:9      | Reached *** piety under Vehumet
 12112 | D:9      | Killed Grum
 12743 | D:9      | Offered knowledge of Static Discharge by Vehumet.
 12868 | D:9      | Reached XP level 11. HP: 64/64 MP: 14/28
 13425 | D:10     | Entered Level 10 of the Dungeon
 13433 | D:10     | Noticed a hill giant
 13439 | D:10     | Killed a hill giant
 13440 | D:10     | Noticed IjonTichy1's ghost (journeyman OpAr)
 13444 | D:10     | Noticed Fannar
 13531 | D:10     | Noticed a hill giant
 13802 | D:9      | Killed Fannar
 13954 | D:10     | Noticed a hill giant
 13969 | D:10     | Killed a hill giant
 14926 | D:10     | Reached **** piety under Vehumet
 14949 | D:10     | Killed a hill giant
 15360 | D:10     | Offered knowledge of Mephitic Cloud by Vehumet.
 15370 | D:10     | Learned a level 3 spell: Mephitic Cloud
 16387 | D:11     | Noticed Nergalle
 16766 | D:11     | Killed Nergalle
 17067 | D:11     | Identified a scroll of acquirement
 17070 | D:11     | Got a pair of faintly humming boots
 17081 | D:11     | Identified the +0 pair of boots of Feasting {+Inv rN+++ MR+ Stlth+} (You acquired it on level 11 of the Dungeon)
 17088 | D:12     | Noticed a four-headed hydra
 17180 | D:12     | Noticed a purple ugly thing
 17383 | D:12     | Found a labyrinth entrance.
 17393 | Lab      | Entered a labyrinth
 18091 | Lab      | Reached XP level 12. HP: 71/71 MP: 22/30
 18104 | Lab      | Reached skill level 10 in Conjurations
 18976 | Lab      | Noticed a minotaur
 18981 | Lab      | Killed a minotaur
 18981 | Lab      | Reached skill level 1 in Earth Magic
 19013 | Lab      | Got a smoking chain mail
 19056 | D:12     | Killed a four-headed hydra
 19062 | D:12     | Reached ***** piety under Vehumet
 19062 | D:12     | Offered knowledge of Venom Bolt by Vehumet.
 19334 | Lair:1   | Entered Level 1 of the Lair of Beasts
 19884 | Lair:1   | Noticed a six-headed hydra
 19886 | Lair:1   | Killed a six-headed hydra
 19889 | Lair:1   | Reached skill level 10 in Fire Magic
 20377 | Lair:1   | Got a faintly humming robe
 20388 | Lair:1   | Identified the +1 robe of Zuttat {Str+8 Dex-5} (You found it on level 1 of the Lair of Beasts)
 20399 | Lair:1   | Identified the +7 chain mail "Lodyxuc" {rN+ MR+ rCorr} (You found it in a labyrinth)
 20419 | Lair:1   | Identified a +3 rod of clouds (12/12) (You found it in a labyrinth)
 20669 | Lair:2   | Reached skill level 10 in Dodging
 23272 | Lair:3   | Reached XP level 13. HP: 76/76 MP: 6/33
 23501 | Lair:4   | Found a frozen archway.
 23504 | Lair:4   | Offered knowledge of Fulminant Prism by Vehumet.
 23752 | IceCv    | Entered an ice cave
 24268 | IceCv    | Reached skill level 15 in Spellcasting
 25109 | IceCv    | Noticed a frost giant
 25127 | IceCv    | Killed a frost giant
 25301 | IceCv    | Got a scintillating copper ring
 25303 | IceCv    | Identified the ring "Goubad" {*Tele *Drain rPois Str+4} (You took it off a frost giant in an ice cave)
 27013 | Lair:5   | Offered knowledge of Poison Arrow by Vehumet.
 27196 | Lair:5   | Reached XP level 14. HP: 84/84 MP: 10/36
 28106 | Lair:6   | Found a hole to the Spider Nest.
 28497 | Lair:6   | Found a staircase to the Swamp.
 29256 | Lair:6   | Learned a level 2 spell: Repel Missiles
 29259 | Lair:6   | Learned a level 2 spell: Swiftness
 29323 | Lair:6   | Reached skill level 1 in Charms
 30273 | Lair:7   | Offered knowledge of Poisonous Cloud by Vehumet.
 30287 | Lair:7   | Learned a level 2 spell: Blink
 30747 | Lair:8   | Entered Level 8 of the Lair of Beasts
 31161 | Lair:7   | Reached skill level 5 in Charms
 31556 | Lair:8   | Found a runed door.
 31557 | Lair:8   | Found a viscous altar of Jiyva.
 31559 | Lair:8   | Found a staircase to the Slime Pits.
 31890 | Lair:8   | Reached XP level 15. HP: 91/91 MP: 10/38
 32128 | Lair:8   | Reached ****** piety under Vehumet
 32979 | Lair:8   | Offered knowledge of Bolt of Fire by Vehumet.
 33808 | Lair:8   | Reached skill level 10 in Fighting
 35137 | D:12     | Found a staircase to the Orcish Mines.
 35429 | Orc:1    | Entered Level 1 of the Orcish Mines
 35784 | Orc:1    | Found a deep blue altar of Sif Muna.
 35870 | Orc:2    | Entered Level 2 of the Orcish Mines
 36147 | Orc:2    | Noticed Sonja
 36160 | Orc:2    | Killed Sonja
 36160 | Orc:2    | Offered knowledge of Freezing Cloud by Vehumet.
 36248 | Orc:2    | Noticed an orc warlord
 37128 | Orc:2    | Found a staircase to the Elven Halls.
 37216 | Orc:2    | Killed an orc warlord
 37694 | Orc:2    | Found a roughly hewn altar of Beogh.
 37942 | Orc:2    | Found Taprab's Distillery.
 38027 | Orc:2    | Found Vaokozen's Armour Boutique.
 38078 | Orc:2    | Offered knowledge of Bolt of Cold by Vehumet.
 38519 | Orc:2    | Found Ceal's Jewellery Boutique.
 38524 | Orc:2    | Bought the ring of Daffodils {Wiz Int+6 Stlth+} for 628 gold pieces
 38536 | Orc:2    | Found a roughly hewn altar of Beogh.
 38640 | Orc:2    | Found Pethy's General Store.
 38746 | Orc:2    | Bought a potion of experience for 600 gold pieces
 38746 | Orc:2    | Bought a potion of magic for 96 gold pieces
 38750 | Orc:2    | Reached skill level 15 in Dodging
 38750 | Orc:2    | Reached XP level 16. HP: 97/97 MP: 41/41
 39188 | D:13     | Found a gate to the Vaults.
 39383 | D:13     | Reached XP level 17. HP: 94/102 MP: 27/42
 39591 | D:13     | Found a portal to a secret trove of treasure.
 40348 | D:14     | Noticed Agnes
 40351 | D:14     | Killed Agnes
 40351 | D:14     | Reached skill level 5 in Shields
 40436 | D:14     | Reached skill level 1 in Translocations
 40745 | D:15     | Entered Level 15 of the Dungeon
 40790 | D:15     | Offered knowledge of Lehudib's Crystal Spear by Vehumet.
 40790 | D:15     | Offered knowledge of Fire Storm by Vehumet.
 40790 | D:15     | Offered knowledge of Glaciate by Vehumet.
 40801 | D:15     | Learned a level 9 spell: Fire Storm
 41248 | D:14     | Learned a level 8 spell: Controlled Blink
 41250 | D:15     | Found a shadowy altar of Dithmenos.
 41461 | D:15     | Got a twisted robe
 41472 | D:15     | Identified the cursed +1 robe of Card Tricks {Int+2 Dex+3} (You took it off a deep elf mage on level 15 of the Dungeon)
 41971 | D:15     | Found a staircase to the Depths.
 42293 | Swamp:1  | Entered Level 1 of the Swamp
 45347 | Swamp:4  | Entered Level 4 of the Swamp
 45353 | Swamp:4  | Reached XP level 18. HP: 107/107 MP: 30/45
 45727 | Swamp:4  | Reached skill level 15 in Fire Magic
 45761 | Swamp:4  | Reached skill level 15 in Conjurations
 47003 | Swamp:4  | Got a decaying rune of Zot
 47921 | Spider:1 | Entered Level 1 of the Spider Nest
 48072 | Spider:1 | Learned a level 8 spell: Necromutation
 49574 | Spider:2 | Noticed Arachne
 49578 | Spider:2 | Killed Arachne
 50509 | Spider:2 | Noticed Louise
 50511 | Spider:2 | Killed Louise
 51115 | Spider:3 | Noticed Azrael
 51247 | Spider:3 | Reached XP level 19. HP: 112/112 MP: 39/46
 51268 | Spider:3 | Noticed Kirke
 51274 | Spider:3 | Killed Kirke
 51922 | Spider:3 | Got a shimmering ivory ring
 52061 | Spider:2 | Identified the ring "Wuvem" {MR+ Dex+4 Stlth-} (You found it on level 3 of the Spider Nest)
 52192 | Spider:3 | Killed Azrael
 52456 | Spider:3 | Noticed Roxanne
 52570 | Spider:3 | Killed Roxanne
 52606 | Spider:3 | Identified Roxanne's Handbook of Transmigration (You took it off Roxanne on level 3 of the Spider Nest)
 52897 | Spider:4 | Entered Level 4 of the Spider Nest
 52897 | Spider:4 | Noticed Norris
 53469 | Spider:4 | Noticed Mara
 53483 | Spider:4 | Noticed lightmor's illusion
 53752 | Spider:4 | Killed Norris
 53865 | Spider:4 | Killed Mara
 54481 | Spider:4 | Got a gossamer rune of Zot
 54885 | Vaults:1 | Entered Level 1 of the Vaults
 54900 | Vaults:1 | Noticed Wiglaf
 54941 | Vaults:1 | Killed Wiglaf
 55809 | Vaults:1 | Reached XP level 20. HP: 117/117 MP: 36/48
 57556 | Vaults:2 | Got a crystal broad axe
 57557 | Vaults:2 | Identified the +7 broad axe "Biraufeu" {flame, Fragile rPois Dex+2 Stlth+} (You found it on level 2 of the Vaults)
 59418 | Vaults:3 | Found Moosm's Book Shop.
 59423 | Vaults:3 | Found Muxibys's Antique Armour Emporium.
 59425 | Vaults:3 | Found Jingozen's Armour Emporium.
 59430 | Vaults:3 | Bought a +1 helmet of intelligence for 346 gold pieces
 59446 | Vaults:3 | Bought a glowing helmet for 175 gold pieces
 59446 | Vaults:3 | Bought a transparent buckler for 370 gold pieces
 59456 | Vaults:3 | Identified the cursed +0 buckler of Ciloloah {rPois MP+9} (You bought it in a shop on level 3 of the Vaults)
 59486 | Vaults:3 | Bought the cursed +0 pair of gloves of Cheibriados's Approval {Str+2} for 266 gold pieces
 59760 | Vaults:3 | Found a staircase to the Crypt.
 59761 | Vaults:3 | Reached XP level 21. HP: 122/122 MP: 50/50
 60079 | Vaults:3 | Found Ipnoneiph's Antique Armour Boutique.
 60197 | Vaults:3 | Learned a level 7 spell: Ring of Flames
 60301 | Vaults:3 | Found Yhau's Weapon Boutique.
 61251 | Vaults:4 | Reached skill level 5 in Translocations
 61611 | Vaults:4 | Reached skill level 10 in Translocations
 61792 | Vaults:4 | Noticed Frederick
 61795 | Vaults:4 | Killed Frederick
 62410 | Vaults:4 | Reached XP level 22. HP: 127/127 MP: 47/51
 63052 | Slime:1  | Entered Level 1 of the Pits of Slime
 63168 | Slime:1  | HP: 5/127 [azure jelly (66)]
 65641 | Slime:5  | Noticed Dissolution
 65644 | Slime:5  | Killed Dissolution
 65698 | Slime:5  | Reached skill level 15 in Translocations
 66132 | Slime:6  | Entered Level 6 of the Pits of Slime
 66417 | Slime:6  | Noticed the Royal Jelly
 66418 | Slime:6  | Killed the Royal Jelly
 66486 | Slime:6  | Reached skill level 1 in Necromancy
 66496 | Slime:6  | Reached skill level 1 in Transmutations
 66940 | Slime:6  | Got a crude cloak
 66951 | Slime:6  | Identified the cursed +0 cloak of Valour {*Contam rC+ MR++} (You found it on level 6 of the Pits of Slime)
 67124 | Slime:6  | Got a crystal mace
 67125 | Slime:6  | Identified the +7 mace "Muuklu Ureda" {crush, rPois MP+9 Int+3 Dex-2} (You found it on level 6 of the Pits of Slime)
 67179 | Slime:6  | Got a slimy rune of Zot
 67200 | Slime:6  | Got a bloodstained flail
 67201 | Slime:6  | Identified the +7 flail of Dowie {holy, Str+3 Dex+3 Stlth+} (You found it on level 6 of the Pits of Slime)
 67682 | Elf:1    | Entered Level 1 of the Elven Halls
 67685 | Elf:1    | Reached XP level 23. HP: 132/132 MP: 53/53
 67962 | Elf:1    | Found Zaruseus's Book Shoppe.
 67967 | Elf:1    | Bought a book of Enchantments for 750 gold pieces
 67967 | Elf:1    | Bought a book of Necromancy for 450 gold pieces
 67975 | Elf:1    | Learned a level 3 spell: Regeneration
 67984 | Elf:1    | Learned a level 6 spell: Deflect Missiles
 68078 | Elf:1    | Got a brightly glowing dagger
 68079 | Elf:1    | Identified the +0 dagger of Gluttony {drain, Fragile +Rage Str+3} (You found it on level 1 of the Elven Halls)
 68775 | Elf:2    | Reached skill level 5 in Necromancy
 68936 | Elf:2    | Found a runed gate.
 68936 | Elf:2    | Found a runed gate.
 68940 | Elf:2    | Found a runed gate.
 69107 | Elf:2    | Reached skill level 5 in Transmutations
 69517 | Elf:3    | Entered Level 3 of the Elven Halls
 70699 | Elf:3    | Got a pitted scale mail
 70710 | Elf:3    | Identified the cursed +1 scale mail of the Undertaker {MP+9} (You took it off a deep elf blademaster on level 3 of the Elven Halls)
 70915 | Elf:3    | Got a pair of faintly humming boots
 70926 | Elf:3    | Identified the +2 pair of boots "Ceuveq" {MP+9} (You found it on level 3 of the Elven Halls)
 70935 | Elf:3    | Learned a level 1 spell: Apportation
 70985 | Elf:3    | Identified a +4 rod of clouds (10/10) (You took it off a deep elf annihilator on level 3 of the Elven Halls)
 71408 | Depths:1 | Entered Level 1 of the Depths
 71773 | Depths:1 | Found a one-way gate to the infinite horrors of the Abyss.
 71779 | Depths:1 | Found a gateway to a ziggurat.
 72051 | Depths:1 | Reached skill level 10 in Necromancy
 72366 | Depths:1 | Found a gateway to Hell.
 72554 | Depths:2 | Reached XP level 24. HP: 137/137 MP: 55/55
 72557 | Depths:2 | Noticed the Enchantress
 72558 | Depths:2 | Killed the Enchantress
 72620 | Depths:2 | Reached skill level 10 in Transmutations
 72723 | Depths:2 | Noticed Asterion
 72724 | Depths:2 | Killed Asterion
 72791 | Depths:2 | Got a faerie dragon armour
 72802 | Depths:2 | Identified the +2 faerie dragon armour {+Blink rN++ Stlth+} (You took it off the Enchantress on level 2 of the Depths)
 73353 | Depths:2 | Got a shimmering cloak
 73364 | Depths:2 | Identified the +0 cloak of the Heavens {rF+ Regen+} (You found it on level 2 of the Depths)
 73392 | Depths:2 | Gained mutation: You are dopey. (Int -2) [mutagenic glow]
 73858 | Depths:3 | Found a one-way gate leading to the halls of Pandemonium.
 74494 | Depths:3 | Gained mutation: You are weak. (Str -2) [mutagenic glow]
 74674 | Depths:3 | Got an ichor-stained robe
 74685 | Depths:3 | Identified the +2 robe of Duavevo {rC+} (You found it on level 3 of the Depths)
 75255 | Depths:4 | Reached skill level 27 in Spellcasting
 75398 | Depths:3 | Learned a level 6 spell: Haste
 75512 | Depths:4 | Noticed Boris
 75747 | Depths:4 | Reached XP level 25. HP: 141/141 MP: 47/56
 76019 | Depths:4 | Killed Boris
 76515 | Depths:5 | Entered Level 5 of the Depths
 76515 | Depths:5 | Noticed a juggernaut
 76646 | Depths:5 | Killed a juggernaut
 77555 | Depths:5 | Found a gate to the Realm of Zot.
 77867 | Zot:1    | Entered Level 1 of the Realm of Zot
 78086 | Zot:1    | Got a heavily jewelled robe
 78087 | Zot:1    | Identified the cursed +0 robe "Nysisose" {rElec} (You found it on level 1 of the Realm of Zot)
 78385 | Zot:1    | Reached skill level 10 in Charms
 78957 | Zot:1    | Reached XP level 26. HP: 138/154 MP: 56/56
 79288 | Zot:2    | Noticed an orb of fire
 79297 | Zot:2    | Killed an orb of fire
 83258 | Vaults:5 | Entered Level 5 of the Vaults
 83326 | Vaults:5 | Reached XP level 27. HP: 127/162 MP: 56/56
 84204 | Vaults:5 | Identified Sif Muna's Guide on Dusty Evil Magic
 84342 | Vaults:5 | Reached skill level 15 in Charms
 84465 | Vaults:5 | Got a silver rune of Zot
 85315 | Crypt:1  | Entered Level 1 of the Crypt
 85543 | Crypt:1  | Learned a level 9 spell: Glaciate
 85578 | Crypt:1  | Noticed Mennas
 85586 | Crypt:1  | Killed Mennas
 85704 | Crypt:1  | Noticed Boris
 85707 | Crypt:1  | Killed Boris
 85846 | Crypt:1  | Reached skill level 5 in Ice Magic
 88023 | Crypt:3  | Entered Level 3 of the Crypt
 88265 | Crypt:3  | Reached skill level 10 in Ice Magic
 89205 | Crypt:3  | Noticed an ancient lich
 89207 | Crypt:3  | Killed an ancient lich
 89208 | Crypt:3  | Found an ancient bone altar of Kikubaaqudgha.
 89236 | Crypt:3  | Noticed an ancient lich
 89240 | Crypt:3  | Killed an ancient lich
 89472 | Crypt:3  | Found a staircase to the Tomb.
 89472 | Crypt:3  | Noticed an ancient lich
 89475 | Crypt:3  | Killed an ancient lich
 89900 | Crypt:3  | Lost mutation: You are dopey. (Int -2) [potion of cure mutation]
 89900 | Crypt:3  | Lost mutation: You are weak. (Str -2) [potion of cure mutation]
 89900 | Crypt:3  | Lost mutation: You passively map a small area around you. [potion of cure mutation]
 89926 | Tomb:1   | Entered Level 1 of the Tomb of the Ancients
 90024 | Tomb:1   | Noticed a greater mummy
 90026 | Tomb:1   | Killed a greater mummy
 90646 | Tomb:2   | Noticed a greater mummy
 90646 | Tomb:2   | Noticed a greater mummy
 90646 | Tomb:2   | Noticed a greater mummy
 90648 | Tomb:2   | Noticed a greater mummy
 91360 | Vaults:1 | Got a twisted shield
 91361 | Vaults:1 | Identified the +4 shield of a treasure trove {rPois} (You took it off Wiglaf on level 1 of the Vaults)
 91509 | Zig:1    | Entered Level 1 of a ziggurat
 91554 | Zig:2    | Entered Level 2 of a ziggurat
 91594 | Zig:3    | Entered Level 3 of a ziggurat
 91594 | Zig:3    | Noticed Wikaqun the pandemonium lord
 91596 | Zig:3    | Killed Wikaqun the pandemonium lord
 91653 | Zig:4    | Entered Level 4 of a ziggurat
 91670 | Zig:4    | Identified Xaateuc's Compendium of Floating Orientation
 91698 | Zig:5    | Entered Level 5 of a ziggurat
 91724 | Zig:5    | Got a shimmering war axe
 91725 | Zig:5    | Identified the +10 war axe of a bazaar {chop, Dex+3} (You found it on level 5 of a ziggurat)
 91732 | Zig:6    | Entered Level 6 of a ziggurat
 91766 | Zig:6    | Got a coiled wooden ring
 91767 | Zig:6    | Identified the ring "Wegaroas" {rC+ Dex+5} (You found it on level 6 of a ziggurat)
 91780 | Zig:7    | Entered Level 7 of a ziggurat
 91843 | Zig:8    | Entered Level 8 of a ziggurat
 91876 | Zig:9    | Entered Level 9 of a ziggurat
 91919 | Zig:10   | Entered Level 10 of a ziggurat
 91932 | Zig:10   | Reached skill level 27 in Dodging
 91958 | Zig:10   | Got an ancient ring mail
 91959 | Zig:10   | Identified the +1 ring mail "Curionk" {rF- MR++} (You found it on level 10 of a ziggurat)
 91970 | Zig:11   | Entered Level 11 of a ziggurat
 92011 | Zig:11   | Identified Qivuxiyt's Lost Secrets of Spellcraft
 92059 | Zig:12   | Entered Level 12 of a ziggurat
 92072 | Zig:12   | Reached skill level 15 in Fighting
 92097 | Zig:12   | Identified Emeops's Papyrus of Burning Envenoming
 92105 | Zig:12   | Got a fine chain mail
 92106 | Zig:12   | Identified the +10 chain mail "Utyceet" {MR+ Regen+ Str+4 Dex-4} (You found it on level 12 of a ziggurat)
 92119 | Zig:12   | Got a translucent falchion
 92120 | Zig:12   | Identified the +7 falchion "Yvon Ure" {freeze, *Rage +Fly rN+ MR+} (You found it on level 12 of a ziggurat)
 92122 | Zig:12   | Gained mutation: You are covered in fur (AC +1). [potion of beneficial mutation]
 92129 | Zig:13   | Entered Level 13 of a ziggurat
 92144 | Zig:13   | Noticed Pufeust the pandemonium lord
 92145 | Zig:13   | Noticed Wuzig the pandemonium lord
 92153 | Zig:13   | Killed Wuzig the pandemonium lord
 92165 | Zig:13   | Killed Pufeust the pandemonium lord
 92228 | Zig:13   | Got a pair of spiked gloves
 92229 | Zig:13   | Identified the +3 pair of gloves "Weuvvamo" {-Tele *Drain rC+++ Int+5} (You found it on level 13 of a ziggurat)
 92251 | Zig:13   | Got a flickering lapis lazuli ring
 92252 | Zig:13   | Identified the ring "Xobit" {rPois rC+ Slay+2} (You found it on level 13 of a ziggurat)
 92274 | Zig:14   | Entered Level 14 of a ziggurat
 92324 | Zig:14   | Identified the Almanac of the Dark Mountains
 92328 | Zig:14   | Got a smoking bone ring
 92329 | Zig:14   | Identified the ring "Homaavu" {+Blink +Fly rC+ SInv} (You found it on level 14 of a ziggurat)
 92400 | Zig:15   | Entered Level 15 of a ziggurat
 92451 | Zig:15   | Got an ivory morningstar
 92463 | Zig:15   | Got a smoking rapier
 92468 | Zig:15   | Identified the cursed +1 morningstar of Plague {crush, rF+ Dex+2} (You found it on level 15 of a ziggurat)
 92470 | Zig:15   | Identified the +8 rapier of Cuehom {vamp, rElec MP-9 Int+4} (You found it on level 15 of a ziggurat)
 92523 | Zig:16   | Entered Level 16 of a ziggurat
 92571 | Zig:16   | Identified the Tome of Entrancing Transformation
 92591 | Zig:16   | Identified the Handbook of Damaging Shape Shifting
 92629 | Zig:16   | Got a brightly glowing leather armour
 92640 | Zig:16   | Identified the cursed +0 leather armour "Weonno" {Str+4 Int+2} (You found it on level 16 of a ziggurat)
 92660 | Zig:17   | Entered Level 17 of a ziggurat
 92701 | Zig:17   | Got a slimy platinum ring
 92724 | Zig:17   | Got a scorched ring mail
 92744 | Zig:17   | Identified the cursed +0 ring mail of the Chupacabra {rN+ Dex+4} (You found it on level 17 of a ziggurat)
 92758 | Zig:17   | Got a faintly humming ring mail
 92759 | Zig:17   | Gained mutation: Your flesh is cold resistant. [potion of beneficial mutation]
 92766 | Zig:17   | Identified the +5 ring mail of the Blacksmith {MR+ Dex+4} (You found it on level 17 of a ziggurat)
 92959 | Zig:18   | Entered Level 18 of a ziggurat
 92976 | Zig:18   | Reached skill level 15 in Ice Magic
 92999 | Zig:18   | Got a pair of twisted gloves
 93034 | Zig:18   | Identified the +0 pair of gloves of Ziwkot {Stlth+} (You found it on level 18 of a ziggurat)
 93068 | Zig:18   | Got a polished ice dragon armour
 93079 | Zig:18   | Identified the +9 ice dragon armour "Qaqe" {rF- rC++ Int+2 SInv} (You found it on level 18 of a ziggurat)
 93090 | Zig:18   | Identified the ring of the Castellan {rF+ MR+ MP+9 Int-5} (You found it on level 17 of a ziggurat)
 93107 | Zig:19   | Entered Level 19 of a ziggurat
 93117 | Zig:19   | Noticed Xukiagreja the pandemonium lord
 93119 | Zig:19   | Killed Xukiagreja the pandemonium lord
 93125 | Zig:19   | Noticed Zaes the pandemonium lord
 93125 | Zig:19   | Noticed Myaheyna the pandemonium lord
 93127 | Zig:19   | Noticed Wyit the pandemonium lord
 93127 | Zig:19   | Killed Myaheyna the pandemonium lord
 93128 | Zig:19   | Noticed Woefiynt the pandemonium lord
 93128 | Zig:19   | Noticed Nios the pandemonium lord
 93129 | Zig:19   | Noticed Roniatayfe the pandemonium lord
 93129 | Zig:19   | Noticed Zoelodie the pandemonium lord
 93130 | Zig:19   | Noticed Penuh the pandemonium lord
 93133 | Zig:19   | Noticed Nofriho the pandemonium lord
 93487 | Depths:1 | Voluntarily entered the Abyss.
 93566 | Abyss:1  | Reached skill level 1 in Armour
 94150 | Abyss:2  | Found a corrupted altar of Lugonu.
 94473 | Abyss:3  | Found a corrupted altar of Lugonu.
 94622 | Abyss:3  | Got an abyssal rune of Zot
 94679 | Depths:1 | Escaped the Abyss
 94848 | D:13     | You showed the abyssal rune of Zot to enter a treasure trove
 94849 | Trove    | Entered a treasure trove
 95090 | Vaults:3 | Reached skill level 5 in Armour
 95509 | Tomb:2   | Killed a greater mummy
 95513 | Tomb:2   | Killed a greater mummy
 95514 | Tomb:2   | Killed a greater mummy
 95628 | Tomb:2   | Killed a greater mummy
 96025 | Tomb:1   | Noticed a greater mummy
 96028 | Tomb:1   | Killed a greater mummy
 96030 | Tomb:1   | Noticed a greater mummy
 96031 | Tomb:1   | Killed a greater mummy
 96175 | Tomb:1   | Noticed a greater mummy
 96176 | Tomb:1   | Killed a greater mummy
 96184 | Tomb:1   | Noticed a greater mummy
 96187 | Tomb:1   | Killed a greater mummy
 96300 | Tomb:1   | Noticed a greater mummy
 96306 | Tomb:1   | Killed a greater mummy
 96307 | Tomb:1   | Noticed a greater mummy
 96308 | Tomb:1   | Noticed a greater mummy
 96310 | Tomb:1   | Killed a greater mummy
 96311 | Tomb:1   | Killed a greater mummy
 96392 | Tomb:1   | Noticed a greater mummy
 96396 | Tomb:1   | Killed a greater mummy
 96573 | Tomb:1   | Noticed a greater mummy
 96576 | Tomb:1   | Killed a greater mummy
 96642 | Tomb:1   | Noticed a greater mummy
 96642 | Tomb:1   | Killed a greater mummy
 96659 | Tomb:1   | Noticed a greater mummy
 96662 | Tomb:1   | Killed a greater mummy
 96664 | Tomb:1   | Noticed a greater mummy
 96672 | Tomb:1   | Killed a greater mummy
 97034 | Tomb:1   | Noticed a greater mummy
 97038 | Tomb:1   | Noticed a greater mummy
 97038 | Tomb:1   | Noticed a greater mummy
 97038 | Tomb:1   | Killed a greater mummy
 97043 | Tomb:1   | Killed a greater mummy
 97044 | Tomb:1   | Killed a greater mummy
 97328 | Tomb:3   | Entered Level 3 of the Tomb of the Ancients
 97334 | Tomb:3   | Reached skill level 10 in Armour
 97352 | Tomb:3   | Noticed a greater mummy
 97352 | Tomb:3   | Killed a greater mummy
 97357 | Tomb:3   | Noticed a greater mummy
 97357 | Tomb:3   | Noticed a greater mummy
 97357 | Tomb:3   | Noticed a greater mummy
 97360 | Tomb:3   | Killed a greater mummy
 97361 | Tomb:3   | Noticed a greater mummy
 97362 | Tomb:3   | Killed a greater mummy
 97362 | Tomb:3   | Killed a greater mummy
 97664 | Tomb:3   | Killed a greater mummy
 97667 | Tomb:3   | Noticed a greater mummy
 97667 | Tomb:3   | Killed a greater mummy
 97670 | Tomb:3   | Noticed a greater mummy
 97672 | Tomb:3   | Killed a greater mummy
 97679 | Tomb:3   | Noticed an ancient lich
 97679 | Tomb:3   | Killed an ancient lich
 97688 | Tomb:3   | Noticed a greater mummy
 97690 | Tomb:3   | Killed a greater mummy
 97895 | Tomb:3   | Learned a level 7 spell: Malign Gateway
 97900 | Tomb:3   | Got a smoking lead ring
 97901 | Tomb:3   | Identified the ring "Emnil" {Wiz MR- Str-4 Dex+10 SInv} (You found it on level 3 of the Tomb of the Ancients)
 97939 | Tomb:3   | Got a steaming scimitar
 97940 | Tomb:3   | Identified the +2 scimitar of the Hierophant {venom, rPois} (You found it on level 3 of the Tomb of the Ancients)
 97954 | Tomb:3   | Got a warped platinum ring
 97955 | Tomb:3   | Identified the ring of Huluocs {rElec rF+ EV+1 Stlth+} (You found it on level 3 of the Tomb of the Ancients)
 97958 | Tomb:3   | Got a steaming steel amulet
 97960 | Tomb:3   | Identified the amulet "Agroixucyor" {Gourm rC+ Int+3 Dex-3} (You found it on level 3 of the Tomb of the Ancients)
 97975 | Tomb:3   | Got a scorched short sword
 97976 | Tomb:3   | Identified the +2 short sword "Vaolupsa" {flame, rF- Str+4 Int+4} (You found it on level 3 of the Tomb of the Ancients)
 98005 | Tomb:3   | Got an encrusted short sword
 98006 | Tomb:3   | Identified the +6 short sword of Peace {pierce, MR+ Stlth+} (You found it on level 3 of the Tomb of the Ancients)
 98019 | Tomb:3   | Got a pitted long sword
 98020 | Tomb:3   | Identified the +8 long sword of Midsummer {drain, Dex+4} (You found it on level 3 of the Tomb of the Ancients)
 98314 | Tomb:3   | Got a golden rune of Zot
 99213 | Hell     | Entered the Vestibule of Hell
 99213 | Hell     | Noticed Geryon
 99217 | Hell     | Killed Geryon
 99611 | Hell     | Noticed Murray
 99844 | Hell     | Killed Murray
100373 | Hell     | Found a gateway to the Iron City of Dis.
100436 | Hell     | Found a gateway to the ashen valley of Gehenna.
100476 | Hell     | Found a gateway to the decaying netherworld of Tartarus.
100582 | Hell     | Found a gateway to the freezing wastes of Cocytus.
100664 | Tar:1    | Entered Level 1 of Tartarus
103133 | Tar:3    | You fall through a shaft for 3 floors!
104478 | Tar:6    | Reached skill level 15 in Armour
104564 | Tar:7    | Entered Level 7 of Tartarus
104729 | Tar:7    | Identified the Volume of the Arsonist and Envenoming
105506 | Tar:7    | Noticed Ereshkigal
105518 | Tar:7    | Gained mutation: You expend magic power (3 MP) to strengthen your wands. [mutagenic glow]
106709 | Tar:7    | Reached skill level 27 in Conjurations
107784 | Hell     | Gained mutation: Your spells are a little harder to cast, but a little more powerful. [mutagenic glow]
107813 | Hell     | Gained mutation: Your magical capacity is low (-10% MP). [mutagenic glow]
108359 | Tar:7    | Noticed an ancient lich
108423 | Tar:7    | Reached skill level 5 in Stealth
108840 | Tar:7    | Noticed an ancient lich
108842 | Tar:7    | Killed an ancient lich
108861 | Tar:7    | Reached skill level 10 in Stealth
108919 | Tar:7    | Lost mutation: You expend magic power (3 MP) to strengthen your wands. [potion of cure mutation]
108919 | Tar:7    | Lost mutation: Your magical capacity is low (-10% MP). [potion of cure mutation]
108919 | Tar:7    | Lost mutation: Your spells are a little harder to cast, but a little more powerful. [potion of cure mutation]
108919 | Tar:7    | Lost mutation: Your flesh is cold resistant. [potion of cure mutation]
109303 | Tar:7    | Got a bone rune of Zot
109584 | Dis:1    | Entered Level 1 of the Iron City of Dis
110735 | Dis:7    | Entered Level 7 of the Iron City of Dis
111396 | Zig:1    | Entered Level 1 of a ziggurat
111426 | Zig:2    | Entered Level 2 of a ziggurat
111443 | Zig:3    | Entered Level 3 of a ziggurat
111448 | Zig:3    | Reached skill level 15 in Stealth
111470 | Zig:4    | Entered Level 4 of a ziggurat
111475 | Zig:4    | Noticed Forasoschejusk the pandemonium lord
111481 | Zig:4    | Killed Forasoschejusk the pandemonium lord
111487 | Zig:4    | Got a pitted copper ring
111502 | Zig:4    | Identified the ring "Ydesmi" {rPois Int+3} (You found it on level 4 of a ziggurat)
111509 | Zig:5    | Entered Level 5 of a ziggurat
111538 | Zig:6    | Entered Level 6 of a ziggurat
111564 | Zig:6    | Identified the Compendium of the Blaze and Boosts
111571 | Zig:7    | Entered Level 7 of a ziggurat
111577 | Zig:7    | Noticed a juggernaut
111580 | Zig:7    | Killed a juggernaut
111591 | Zig:7    | Got a transparent golden ring
111606 | Zig:7    | Identified the ring of the Princeling {rC+ MP+9 Int+3} (You found it on level 7 of a ziggurat)
111669 | Zig:8    | Entered Level 8 of a ziggurat
111704 | Zig:8    | Identified Vudethukitz's Incunabulum of the Enchanting Arsonist
111714 | Zig:9    | Entered Level 9 of a ziggurat
111769 | Zig:9    | Got a fine falchion
111770 | Zig:9    | Identified the +6 falchion of the End of Times {venom, *Corrode rC+ Int+7} (You found it on level 9 of a ziggurat)
111799 | Zig:10   | Entered Level 10 of a ziggurat
111837 | Zig:10   | Got a polished ring mail
111845 | Zig:10   | Got a smoking halberd
111857 | Zig:10   | Identified the +1 ring mail of the Tarantula {*Drain rElec MR+++ Str-3} (You found it on level 10 of a ziggurat)
111871 | Zig:11   | Entered Level 11 of a ziggurat
111877 | Zig:11   | Noticed a greater mummy
111882 | Zig:11   | Killed a greater mummy
111889 | Zig:11   | Noticed a greater mummy
111891 | Zig:11   | Killed a greater mummy
111896 | Zig:11   | Noticed a greater mummy
111899 | Zig:11   | Killed a greater mummy
111983 | Zig:12   | Entered Level 12 of a ziggurat
112017 | Zig:12   | Got a warped marble ring
112020 | Zig:12   | Got a coiled brass ring
112022 | Zig:12   | Identified Ykaih's Compendium of Torrid Envenoming
112031 | Zig:12   | Got a pitted great mace
112035 | Zig:12   | Identified the ring "Uzurch" {*Confuse rC+++ Str+3 Int+3 Stlth+} (You found it on level 12 of a ziggurat)
112038 | Zig:12   | Identified the ring "Siacegg" {*Tele rElec Slay+3} (You found it on level 12 of a ziggurat)
112047 | Zig:13   | Entered Level 13 of a ziggurat
112065 | Zig:13   | Noticed a juggernaut
112067 | Zig:13   | Killed a juggernaut
112128 | Zig:14   | Entered Level 14 of a ziggurat
112181 | Zig:14   | Got a pair of ichor-stained gloves
112193 | Zig:14   | Got a brightly glowing marble ring
112195 | Zig:14   | Identified Podank's Papyrus of Cold and Lightness
112212 | Zig:14   | Got an encrusted long sword
112225 | Zig:14   | Identified the +1 pair of gloves of the Harvest {-Cast rElec Regen+ Dex+3} (You found it on level 14 of a ziggurat)
112236 | Zig:14   | Identified the +1 long sword "Beuj Cam" {slice, *Contam Fragile +Rage rF+++} (You found it on level 14 of a ziggurat)
112238 | Zig:14   | Identified the ring "Kaittat" {rPois EV+6 Str+3 Dex-4} (You found it on level 14 of a ziggurat)
112258 | Zig:15   | Entered Level 15 of a ziggurat
112313 | Zig:15   | Got a brightly glowing brass ring
112323 | Zig:15   | Identified the ring "Pijausac" {Int+4 Stlth+} (You found it on level 15 of a ziggurat)
112327 | Zig:15   | Got a pitted chain mail
112328 | Zig:15   | Identified the +8 chain mail of Parlour Games {rC- rN+ rCorr Str+5} (You found it on level 15 of a ziggurat)
112350 | Zig:16   | Entered Level 16 of a ziggurat
112360 | Zig:16   | Noticed a greater mummy
112365 | Zig:16   | Noticed a greater mummy
112365 | Zig:16   | Killed a greater mummy
112368 | Zig:16   | Killed a greater mummy
112370 | Zig:16   | Noticed a greater mummy
112371 | Zig:16   | Killed a greater mummy
112371 | Zig:16   | Reached skill level 15 in Transmutations
112372 | Zig:16   | Noticed a greater mummy
112373 | Zig:16   | Noticed a greater mummy
112373 | Zig:16   | Noticed a greater mummy
112377 | Zig:16   | Killed a greater mummy
112378 | Zig:16   | Killed a greater mummy
112379 | Zig:16   | Killed a greater mummy
112404 | Zig:16   | Identified the Disquisition on the Mutagenic Frostbite
112430 | Zig:16   | Got a pitted buckler
112441 | Zig:16   | Identified the +3 buckler of Ydam {rPois SInv} (You found it on level 16 of a ziggurat)
112499 | Zig:17   | Entered Level 17 of a ziggurat
112545 | Zig:17   | Got a smoking iron ring
112546 | Zig:17   | Identified the ring "Sebbadylu" {rPois rC+} (You found it on level 17 of a ziggurat)
112564 | Zig:17   | Got a slimy quicksilver dragon armour
112592 | Zig:17   | Identified the cursed quicksilver dragon armour "Upse" {MR+ Int+4} (You found it on level 17 of a ziggurat)
112609 | Zig:17   | Gained mutation: Your spells are a little harder to cast, but a little more powerful. [potion of beneficial mutation]
112688 | Zig:18   | Entered Level 18 of a ziggurat
112730 | Zig:18   | Got a wavering silver ring
112732 | Zig:18   | Identified the ring "Zeyxoi" {MP+9 Str+2} (You found it on level 18 of a ziggurat)
112737 | Zig:18   | Identified the Papyrus of Excruciating Cold
112760 | Zig:18   | Reached skill level 15 in Necromancy
112770 | Zig:18   | Identified Sif Muna's Reference Book on Frigorific Flames (You found it on level 18 of a ziggurat)
112784 | Zig:19   | Entered Level 19 of a ziggurat
112802 | Zig:19   | Noticed a juggernaut
112803 | Zig:19   | Killed a juggernaut
112804 | Zig:19   | Noticed a juggernaut
112804 | Zig:19   | Noticed a juggernaut
112806 | Zig:19   | Killed a juggernaut
112807 | Zig:19   | Noticed a juggernaut
112810 | Zig:19   | Killed a juggernaut
112813 | Zig:19   | Killed a juggernaut
112880 | Zig:20   | Entered Level 20 of a ziggurat
112893 | Zig:20   | Noticed a greater mummy
112906 | Zig:20   | Noticed a greater mummy
112907 | Zig:20   | Noticed a greater mummy
112907 | Zig:20   | Noticed a greater mummy
112907 | Zig:20   | Killed a greater mummy
112908 | Zig:20   | Noticed a greater mummy
112909 | Zig:20   | Killed a greater mummy
112909 | Zig:20   | Killed a greater mummy
112909 | Zig:20   | Reached skill level 27 in Stealth
112910 | Zig:20   | Killed a greater mummy
112911 | Zig:20   | Killed a greater mummy
112912 | Zig:20   | Reached skill level 10 in Shields
112916 | Zig:20   | Killed a greater mummy
112987 | Zig:20   | Got a warped leather armour
112988 | Zig:20   | Identified the +0 leather armour "Oqum" {+Fly rPois Stlth+} (You found it on level 20 of a ziggurat)
113038 | Zig:20   | Gained mutation: Armour fits poorly on your strangely shaped body. [mutagenic glow]
113042 | Zig:21   | Entered Level 21 of a ziggurat
113055 | Zig:21   | Noticed a greater mummy
113061 | Zig:21   | Noticed a greater mummy
113061 | Zig:21   | Killed a greater mummy
113062 | Zig:21   | Noticed a greater mummy
113062 | Zig:21   | Killed a greater mummy
113063 | Zig:21   | Killed a greater mummy
113064 | Zig:21   | Noticed a greater mummy
113064 | Zig:21   | Noticed a greater mummy
113066 | Zig:21   | Killed a greater mummy
113067 | Zig:21   | Killed a greater mummy
113068 | Zig:21   | Noticed a greater mummy
113072 | Zig:21   | Killed a greater mummy
113074 | Zig:21   | Noticed a greater mummy
113076 | Zig:21   | Noticed a greater mummy
113077 | Zig:21   | Noticed a greater mummy
113077 | Zig:21   | Killed a greater mummy
113077 | Zig:21   | Killed a greater mummy
113078 | Zig:21   | Noticed a greater mummy
113078 | Zig:21   | Killed a greater mummy
113078 | Zig:21   | Killed a greater mummy
113079 | Zig:21   | Noticed a greater mummy
113080 | Zig:21   | Killed a greater mummy
113108 | Zig:21   | Identified the Guide on Displacement
113133 | Zig:21   | Got a faintly glowing lead ring
113153 | Zig:21   | Got an ebony halberd
113158 | Zig:21   | Identified the ring of Intercession {-Tele rC+ MP+9 Slay+2 Stlth+} (You found it on level 21 of a ziggurat)
113177 | Zig:22   | Entered Level 22 of a ziggurat
113197 | Zig:22   | Reached skill level 15 in Shields
113304 | Zig:22   | Got a crude scale mail
113308 | Zig:22   | Got an encrusted ring mail
113312 | Zig:22   | Identified the +0 scale mail "Oroihis" {rF- Str+4 SInv} (You found it on level 22 of a ziggurat)
113313 | Zig:22   | Identified the cursed +1 ring mail "Ebydicliffa" {*Contam rElec rC+ SInv} (You found it on level 22 of a ziggurat)
113316 | Zig:22   | Got a scorched plate armour
113317 | Zig:22   | Identified the +7 plate armour of the Armoured One {rPois MR+} (You found it on level 22 of a ziggurat)
113321 | Zig:22   | Got a pair of encrusted boots
113332 | Zig:22   | Identified the +1 pair of boots of Modesty {*Drain rPois rF+++ SInv} (You acquired it on level 22 of a ziggurat)
113365 | Zig:22   | Got a brightly glowing eveningstar
113367 | Zig:22   | Identified the +9 eveningstar "Meubbuxa" {holy, +Fly rC+} (You found it on level 22 of a ziggurat)
113406 | Zig:23   | Entered Level 23 of a ziggurat
113421 | Zig:23   | Reached skill level 1 in Maces & Flails
113435 | Zig:23   | Reached skill level 5 in Maces & Flails
113473 | Zig:23   | Identified the Volume of Enthralling Transformation
113494 | Zig:23   | Got a steaming golden ring
113501 | Zig:23   | Got a smoking rapier
113515 | Zig:23   | Got a bound golden ring
113519 | Zig:23   | Identified the +8 rapier "Ileck" {drain, Int+10 Dex-4} (You found it on level 23 of a ziggurat)
113521 | Zig:23   | Identified the ring "Docuewakk" {-Tele +Fly Str+8 Int+3 Dex+3} (You found it on level 23 of a ziggurat)
113524 | Zig:23   | Identified the ring "Zirchunwio" {Str+7 SInv} (You found it on level 23 of a ziggurat)
113591 | Zig:24   | Entered Level 24 of a ziggurat
113665 | Zig:24   | Got a glittering tin ring
113700 | Zig:24   | Got a faintly glowing quarterstaff
113705 | Zig:24   | Got a pitted dagger
113706 | Zig:24   | Identified the +4 dagger of Syupa {flame, MR+ SInv} (You found it on level 24 of a ziggurat)
113710 | Zig:24   | Identified the ring of Pobreu {Ice rPois Dex+3} (You found it on level 24 of a ziggurat)
113714 | Zig:24   | Gained mutation: You can translocate small distances at will. [potion of beneficial mutation]
113721 | Zig:25   | Entered Level 25 of a ziggurat
113734 | Zig:25   | Noticed a greater mummy
113740 | Zig:25   | Killed a greater mummy
113741 | Zig:25   | Noticed a greater mummy
113741 | Zig:25   | Noticed a greater mummy
113742 | Zig:25   | Noticed a greater mummy
113743 | Zig:25   | Killed a greater mummy
113744 | Zig:25   | Killed a greater mummy
113747 | Zig:25   | Noticed a greater mummy
113747 | Zig:25   | Noticed a greater mummy
113748 | Zig:25   | Noticed a greater mummy
113748 | Zig:25   | Reached skill level 10 in Maces & Flails
113748 | Zig:25   | Killed a greater mummy
113748 | Zig:25   | Killed a greater mummy
113750 | Zig:25   | Killed a greater mummy
113751 | Zig:25   | Noticed a greater mummy
113753 | Zig:25   | Killed a greater mummy
113754 | Zig:25   | Killed a greater mummy
113756 | Zig:25   | Noticed a greater mummy
113757 | Zig:25   | Noticed a greater mummy
113758 | Zig:25   | Killed a greater mummy
113758 | Zig:25   | Killed a greater mummy
113810 | Zig:25   | Got a slimy lapis lazuli ring
113814 | Zig:25   | Identified the Collected Works on the Evil Glacier
113816 | Zig:25   | Got a shimmering wooden ring
113824 | Zig:25   | Got a sparkling glass ring
113847 | Zig:25   | Got a jewelled chain mail
113849 | Zig:25   | Identified the ring of Miuf {rF- rC+ AC+1 Dex+4} (You found it on level 25 of a ziggurat)
113853 | Zig:25   | Identified the ring of Vufad {SustAt rF+ MR- Str+2 Int+6} (You found it on level 25 of a ziggurat)
113857 | Zig:25   | Identified the ring of the Turtle {Ice rN+} (You found it on level 25 of a ziggurat)
113881 | Zig:26   | Entered Level 26 of a ziggurat
113942 | Zig:26   | Identified the Catalogue of Blistering Venom
113945 | Zig:26   | Identified Wasmalof's Incunabulum of Damaging Feathers
113953 | Zig:26   | Got a slimy lead ring
113955 | Zig:26   | Identified the ring "Saushr Feot" {rC++ MP+9 EV+3 Int-4 Dex+4} (You found it on level 26 of a ziggurat)
113972 | Zig:27   | Entered Level 27 of a ziggurat
113981 | Zig:27   | Noticed Medar's ghost (legendary DEAM)
113986 | Zig:27   | Noticed a juggernaut
113990 | Zig:27   | Noticed a juggernaut
113991 | Zig:27   | Noticed a juggernaut
113991 | Zig:27   | Killed a juggernaut
113992 | Zig:27   | Killed a juggernaut
113993 | Zig:27   | Noticed a juggernaut
113993 | Zig:27   | Killed a juggernaut
113994 | Zig:27   | Killed a juggernaut
113994 | Zig:27   | Reached skill level 27 in Fire Magic
113995 | Zig:27   | Killed Medar's ghost
113996 | Zig:27   | Noticed a juggernaut
113997 | Zig:27   | Killed a juggernaut
113998 | Zig:27   | Noticed a juggernaut
113999 | Zig:27   | Killed a juggernaut
114001 | Zig:27   | Noticed a juggernaut
114001 | Zig:27   | Noticed a juggernaut
114002 | Zig:27   | Killed a juggernaut
114007 | Zig:27   | Killed a juggernaut
114104 | Zig:27   | Got an aquamarine-encrusted leather armour
114115 | Zig:27   | Identified the +1 leather armour of Gus Yrea {rF+ rN+} (You found it on level 27 of a ziggurat)
114403 | Hell     | Lost mutation: Your spells are a little harder to cast, but a little more powerful. [mutagenic glow]
114442 | Hell     | Gained mutation: You are weak. (Str -2) [mutagenic glow]
114443 | Hell     | Lost mutation: You are covered in fur (AC +1). [potion of cure mutation]
114443 | Hell     | Lost mutation: You are weak. (Str -2) [potion of cure mutation]
114443 | Hell     | Lost mutation: Armour fits poorly on your strangely shaped body. [potion of cure mutation]
114443 | Hell     | Lost mutation: You can translocate small distances at will. [potion of cure mutation]
116151 | Dis:7    | Got a colourful robe
116152 | Dis:7    | Identified the cursed +0 robe of Qazlal's Indignation {rC+ rCorr Dex+2} (You found it on level 7 of the Iron City of Dis)
116156 | Dis:7    | Identified Sif Muna's Reference Book on Attacks and Changing
116217 | Dis:7    | Noticed the Serpent of Hell
116226 | Dis:7    | Killed the Serpent of Hell
116427 | Dis:7    | Got a steaming golden amulet
116482 | Dis:7    | Noticed Dispater
116491 | Dis:7    | Got an iron rune of Zot
116603 | Geh:1    | Entered Level 1 of Gehenna
116834 | Hell     | Gained mutation: You have a pair of small horns on your head. [mutagenic glow]
117129 | Geh:3    | Identified the amulet of Qideha {Dismiss *Confuse rElec Slay+4 SInv} (You took it off an iron imp on level 7 of the Iron City of Dis)
117434 | Geh:7    | Entered Level 7 of Gehenna
118054 | Geh:7    | Noticed Asmodeus
118327 | Geh:7    | Killed Asmodeus
118515 | Geh:7    | Got an obsidian rune of Zot
118732 | Coc:1    | Entered Level 1 of Cocytus
119430 | Coc:5    | You fall through a shaft!
119488 | Coc:7    | Entered Level 7 of Cocytus
120087 | Coc:7    | Noticed Antaeus
120125 | Coc:7    | Got an icy rune of Zot
120282 | Pan      | Entered Pandemonium
120326 | Pan      | Noticed a seraph
120328 | Pan      | Got a demonic rune of Zot
120330 | Pan      | Found a glowing golden altar of the Shining One.
120333 | Pan      | Killed a seraph
120342 | Pan      | Got a smoking pewter ring
120355 | Pan      | Got a steaming marble ring
120356 | Pan      | Identified the ring "Rutsa" {Ice rElec Str+3 Dex-2} (You found it in Pandemonium)
120357 | Pan      | Identified the ring of the Albatross {MR+ Str+2} (You found it in Pandemonium)
120847 | Pan      | Found an exit through the horrors of the Abyss.
121048 | Pan      | Found an exit through the horrors of the Abyss.
121089 | Pan      | Found an exit through the horrors of the Abyss.
121112 | Pan      | Entered the realm of Cerebov.
121468 | Pan      | Noticed Cerebov
121475 | Pan      | Got a scorched long sword
121578 | Pan      | Identified the Disquisition on the Arsonist and Attacks
121625 | Pan      | Identified the Tome of Creative Poison
121647 | Pan      | Identified the Volume of Conjuration
121662 | Pan      | Identified the +1 long sword "Sihomn" {slice, MR+ Str+3 Stlth+} (You found it in Pandemonium)
121684 | Pan      | Got a fiery rune of Zot
122047 | Pan      | Found an exit through the horrors of the Abyss.
122312 | Pan      | Noticed Etowour the pandemonium lord
122316 | Pan      | Killed Etowour the pandemonium lord
122500 | Pan      | Entered the realm of Gloorx Vloq.
122948 | Pan      | Noticed Gloorx Vloq
122951 | Pan      | Got a dark rune of Zot
123151 | Pan      | Entered the realm of Lom Lobon.
123175 | Pan      | Found an exit through the horrors of the Abyss.
123211 | Pan      | Noticed Lom Lobon
123216 | Pan      | Got a magical rune of Zot
123241 | Pan      | Entered the realm of Mnoleg.
123289 | Pan      | Noticed Lom Lobon
123315 | Pan      | Gained mutation: You expend magic power (3 MP) to strengthen your wands. [a neqoxec]
123324 | Pan      | Gained mutation: Your magical capacity is low (-10% MP). [a neqoxec]
123456 | Pan      | Noticed Mnoleg
123530 | Pan      | Gained mutation: You are weak. (Str -2) [mutagenic glow]
123636 | Pan      | Lost mutation: You have a pair of small horns on your head. [potion of cure mutation]
123636 | Pan      | Lost mutation: You are weak. (Str -2) [potion of cure mutation]
123636 | Pan      | Lost mutation: You expend magic power (3 MP) to strengthen your wands. [potion of cure mutation]
123637 | Pan      | Lost mutation: Your magical capacity is low (-10% MP). [potion of cure mutation]
123731 | Pan      | Found an exit through the horrors of the Abyss.
123747 | Pan      | Paralysed by a giant eyeball for 4 turns
123780 | Pan      | Got a glowing rune of Zot
123822 | Pan      | Took an exit into the Abyss.
123822 | Abyss:1  | Escaped into the Abyss
123832 | Depths:3 | Escaped the Abyss
124008 | Zot:5    | Entered Level 5 of the Realm of Zot
124407 | Zot:5    | Noticed an ancient lich
124409 | Zot:5    | Killed an ancient lich
124564 | Zot:5    | Noticed an orb of fire
124566 | Zot:5    | Killed an orb of fire
124618 | Zot:5    | Noticed an ancient lich
124619 | Zot:5    | Killed an ancient lich
124725 | Zot:5    | Noticed an orb of fire
124729 | Zot:5    | Killed an orb of fire
125038 | Zot:5    | Noticed an ancient lich
125039 | Zot:5    | Noticed an ancient lich
125040 | Zot:5    | Killed an ancient lich
125040 | Zot:5    | Killed an ancient lich
125041 | Zot:5    | Noticed an ancient lich
125047 | Zot:5    | Killed an ancient lich
125071 | Zot:5    | Noticed an ancient lich
125072 | Zot:5    | Killed an ancient lich
125072 | Zot:5    | Reached skill level 27 in Fighting
125171 | Zot:5    | Got the Orb of Zot
125406 | D:14     | Noticed Edaumy Zuse the pandemonium lord
125573 | D:7      | Noticed Lestreagg the pandemonium lord
125740 | D:$      | Escaped with the Orb!

Skill      XL: |  1  2  3  4  5  6  7  8  9 10 11 12 13 14 15 16 17 18 19 20 21 22 23 24 25 26 27 |
---------------+----------------------------------------------------------------------------------+-----
Conjurations   | 2 3 4 5 6 7 8 9 10 11 12 14 16 18 19 20 27 | 27.0
Spellcasting   | 4 5 6 7 8 10 11 12 14 16 17 19 21 22 23 24 26 27 | 27.0
Shields        | 1 2 4 5 6 8 15 | 15.8
Fire Magic     | 4 5 6 8 9 10 11 12 13 14 16 18 19 20 27 | 27.0
Fighting       | 2 3 5 6 7 8 9 10 12 13 27 | 27.0
Dodging        | 4 6 8 9 10 11 12 15 17 20 27 | 27.0
Earth Magic    | 2 |  2.0
Charms         | 5 10 13 18 | 18.1
Translocations | 2 12 16 17 | 17.0
Necromancy     | 3 10 14 25 | 25.1
Transmutations | 2 9 13 18 | 18.7
Ice Magic      | 18 | 18.8
Armour         | 17 | 17.4
Stealth        | 27 | 27.0
Maces & Flails | 11 | 11.0

Action                   |  1- 3 |  4- 6 |  7- 9 | 10-12 | 13-15 | 16-18 | 19-21 | 22-24 | 25-27 || total
-------------------------+-------+-------+-------+-------+-------+-------+-------+-------+-------++-------
Melee: Dagger            |     3 |    20 |     2 |    64 |       |       |       |       |       ||    89
       Short sword       |       |       |   150 |       |       |       |       |       |       ||   150
       Staff             |       |       |       |     7 |    27 |    29 |     3 |     6 |       ||    72
       Mace              |       |       |       |       |       |       |       |     3 |   615 ||   618
       Headbutt          |       |       |       |       |       |       |       |       |    50 ||    50
 Cast: Flame Tongue      |    45 |    99 |   153 |   170 |     3 |       |       |       |       ||   470
       Throw Flame       |     9 |    24 |    93 |   155 |    11 |       |       |       |       ||   292
       Conjure Flame     |     1 |     6 |    26 |    38 |     4 |     2 |     1 |       |       ||    78
       Inner Flame       |       |     5 |     5 |    29 |     7 |       |       |       |       ||    46
       Sticky Flame      |       |       |    15 |    39 |    51 |    28 |     8 |     2 |     1 ||   144
       Fireball          |       |       |     1 |   163 |   561 |   528 |   153 |     1 |       ||  1407
       Bolt of Magma     |       |       |       |    27 |    32 |    41 |    49 |    13 |    22 ||   184
       Shock             |       |       |       |       |     1 |       |     2 |       |     1 ||     4
       Blink             |       |       |       |       |     5 |     9 |    12 |       |     4 ||    30
       Repel Missiles    |       |       |       |       |     1 |       |     1 |       |       ||     2
       Swiftness         |       |       |       |       |     1 |       |       |       |       ||     1
       Fire Storm        |       |       |       |       |       |     1 |   265 |   430 |  1808 ||  2504
       Ring of Flames    |       |       |       |       |       |       |    10 |     5 |   119 ||   134
       Controlled Blink  |       |       |       |       |       |       |       |    19 |   464 ||   483
       Deflect Missiles  |       |       |       |       |       |       |       |     2 |     7 ||     9
       Necromutation     |       |       |       |       |       |       |       |     4 |   610 ||   614
       Glaciate          |       |       |       |       |       |       |       |       |   527 ||   527
       Apportation       |       |       |       |       |       |       |       |       |    30 ||    30
       Regeneration      |       |       |       |       |       |       |       |       |     2 ||     2
       Haste             |       |       |       |       |       |       |       |       |     1 ||     1
       Malign Gateway    |       |       |       |       |       |       |       |       |     1 ||     1
 Abil: End Transformatio |       |       |       |       |       |       |       |       |     1 ||     1
Evoke: Wand              |       |       |     5 |     5 |     1 |     5 |     1 |     4 |    27 ||    48
       Figurine of a zig |       |       |       |       |       |       |       |       |     1 ||     1
  Use: Scroll            |       |     6 |     9 |    18 |     7 |     6 |     8 |    21 |    83 ||   158
       Potion            |       |       |     1 |     8 |     4 |     2 |       |     1 |    22 ||    38
 Stab: Sleeping          |       |       |       |     2 |       |       |       |       |     2 ||     4
       Distracted        |       |       |       |       |       |       |       |       |     1 ||     1
  Eat: Chunk             |     1 |    18 |    17 |    42 |    55 |    46 |    32 |    19 |     6 ||   236
       Pizza             |       |       |       |     1 |       |       |     1 |     2 |     8 ||    12
       Meat ration       |       |       |       |     1 |       |       |       |     2 |       ||     3
       Royal jelly       |       |       |       |       |       |       |     2 |       |     2 ||     4
       Beef jerky        |       |       |       |       |       |       |       |     4 |     3 ||     7
       Bread ration      |       |       |       |       |       |       |       |       |     2 ||     2
Armor: Robe              |     2 |     6 |    37 |    35 |    20 |    16 |     7 |     4 |   494 ||   621
Dodge: Dodged            |    11 |    27 |   125 |   131 |   109 |   100 |    40 |    42 |  2070 ||  2655
       Deflected         |       |       |       |       |     1 |     5 |     7 |     8 |    82 ||   103
Block: Buckler           |       |       |    48 |    36 |    47 |    25 |    16 |    12 |   694 ||   878
